 Dungeon Crawl Stone Soup version 0.27.1-33-g824d729ab1 (webtiles) character file.

Game seed: 8500530706899988752

267 rvierbuc the Chopper (level 6, -2/84 HPs)
             Began as a Minotaur Berserker on Dec 6, 2021.
             Was a Believer of Trog.
             Succumbed to an orc wizard's poison
             ... on level 4 of the Dungeon.
             The game lasted 00:08:18 (3109 turns).

rvierbuc the Chopper (Minotaur Berserker)           Turns: 3109, Time: 00:08:19

Health: -2/84      AC: 15    Str: 23    XL:     6   Next: 0%
Magic:  2/5        EV:  7    Int:  4    God:    Trog [**....]
Gold:   100        SH:  0    Dex: 10    Spells: 5/5 levels left

rFire    . . .     SeeInvis .   a - +0 hand axe
rCold    . . .     Faith    .   (no shield)
rNeg     . . .     Spirit   +   l - +0 plate armour
rPois    .         Reflect  .   (helmet restricted)
rElec    .         Harm     .   (no cloak)
rCorr    +         Rampage  .   c - +0 pair of gloves
Will     .....                  n - +1 pair of boots
Stlth    ..........             p - amulet of guardian spirit
HPRegen  0.24/turn              g - ring of resist corrosion
MPRegen  0.09/turn              (no ring)

@: berserking, lethally poisoned (-2 -> -31), very quick
A: horns 2, retaliatory headbutt
a: Renounce Religion, Berserk, Trog's Hand


You were on level 4 of the Dungeon.
You worshipped Trog.
Trog was pleased with you.
You visited 1 branch of the dungeon, and saw 4 of its levels.

You collected 100 gold pieces.

Inventory:

Hand Weapons
 a - a +0 hand axe (weapon)
 v - a +0 vorpal trident
Armour
 c - a +0 pair of gloves (worn)
 e - a +3 ring mail
 l - a +0 plate armour (worn)
 n - a +1 pair of boots (worn)
Jewellery
 f - a ring of magical power
 g - a ring of resist corrosion (left hand)
 p - an amulet of guardian spirit (around neck)
 u - a +6 ring of dexterity
Scrolls
 b - 4 scrolls of teleportation {unknown}
 j - 2 scrolls of enchant armour {unknown}
 k - 2 scrolls of enchant weapon {unknown}
 o - 2 scrolls of identify {unknown}
 t - a scroll of magic mapping {unknown}
Potions
 d - a potion of haste {unknown}
 h - 3 potions of cancellation {unknown}
 i - a potion of degeneration {unknown}
 m - 2 potions of brilliance {unknown}
 q - a potion of resistance {unknown}
 r - a potion of heal wounds {unknown}
 s - 2 potions of berserk rage {unknown}


   Skills:
 + Level 5.2 Fighting
 + Level 5.8 Axes
 + Level 4.2 Armour
 + Level 2.6 Dodging
 + Level 0.6 Stealth


You had 5 spell levels left.
You didn't know any spells.
Your spell library was empty.

Dungeon Overview and Level Annotations

Branches:
Dungeon (4/15)
 Temple: D:4-7

Altars:
Fedhas
Hepliaklqana
Yredelemnul


Innate Abilities, Weirdness & Mutations

You have a pair of horns on your head.
You reflexively headbutt those who attack you in melee.


Message History

You feel sick.
The orc wizard hits you but does no damage.
You completely miss the orc wizard.
The orc wizard is heavily wounded.
You feel sick.
The orc wizard hits you but does no damage.
You slash the orc wizard!
You kill the orc wizard!
Trog accepts your kill.
Trog appreciates your killing of a magic user.
You feel sick. Something hits you but does no damage.
You are more poisoned.
You have reached level 6!
Your experience leads to an increase in your attributes!
Increase (S)trength, (I)ntelligence, or (D)exterity?
You feel stronger.
You closely miss something. You headbutt something.
You feel sick. Something completely misses you.
You closely miss something.
You feel sick. Something hits you but does no damage.
You are more poisoned.
You miss something.
You feel very sick. Something hits you but does no damage.
You are lethally poisoned!
You closely miss something. You headbutt something.
Your skin stops crawling.
You feel less strong-willed.
* * * LOW HITPOINT WARNING * * *
You feel very sick. Something hits you but does no damage.
You are more poisoned.
A red film seems to cover your vision as you go berserk!
You feel yourself moving faster!
You feel mighty!
* * * LOW HITPOINT WARNING * * *
You feel very sick. Something hits you but does no damage.
You are more poisoned.
You are too berserk!
You slash something!
You die...

### ### ## ##.####?##.##
#...# ......# ...
#†....# ##.####....(#
###+###+###..#.@{.)..##
.......#..#.....#....#
.......#..#..#..#.....#
##+###'..'.####.)......
+..(+.#..#..............
#...#.#..#...........##.
#._.#.'##+.(.........#
#...#.#..##........<.#
+...'.#..##......
....###


There were no monsters in sight!

Vanquished Creatures
  A black bear (D:4)
  A hound (D:4)
  An orc priest (D:4)
  An orc wizard (D:4)
  Robin (D:3)
  An adder (D:2)
  An adder skeleton (D:4)
  2 worms (D:2)
  5 orcs
  6 endoplasms
  A giant cockroach (D:2)
  8 goblins
  7 hobgoblins
  4 kobolds
  3 quokkas
  4 ball pythons
  8 bats
  5 frilled lizards
  5 rats
65 creatures vanquished.

Notes
Turn   | Place    | Note
-------+----------+-------------------------------------------
     0 | D:1      | rvierbuc the Minotaur Berserker began the quest for the
                  | Orb.
     0 | D:1      | Reached XP level 1. HP: 19/19 MP: 0/0
    24 | D:1      | Found a faded altar of an unknown god.
   225 | D:1      | Reached XP level 2. HP: 25/27 MP: 1/1
  1304 | D:2      | Reached XP level 3. HP: 19/33 MP: 2/2
  1797 | D:2      | Reached ** piety under Trog
  2530 | D:3      | Found a blossoming altar of Fedhas.
  2580 | D:3      | Found a basalt altar of Yredelemnul.
  2705 | D:3      | Noticed Robin
  2708 | D:3      | Reached XP level 4. HP: 40/40 MP: 3/3
  2709 | D:3      | Killed Robin
  2950 | D:4      | Noticed a black bear
  2955 | D:4      | Reached skill level 5 in Axes
  2959 | D:4      | Killed a black bear
  2960 | D:4      | Reached XP level 5. HP: 34/47 MP: 4/4
  3067 | D:4      | Found a hazy altar of Hepliaklqana.
  3096 | D:4      | Reached skill level 5 in Fighting
  3104 | D:4      | Reached XP level 6. HP: 14/56 MP: 1/5
  3108 | D:4      | HP: 2/84 [poisoned by an orc wizard]
  3109 | D:4      | Succumbed to an orc wizard's poison

Illustrated notes

Levels and vault maps discovered:
D:1:      minmay_arrival_jagged, layout_basic,
          ebering_ecumenical_altar_sacrificial, ebering_dispersal_statue_hall,
          palyth_stone_intersect
D:2:      layout_loops_corners, supply_closet_lemuel
D:3:      layout_loops_ring, fedhas_ov_isle_minmay, mainiacjoe_overflow_paths,
          minmay_misc_feat_square, uniq_robin
D:4:      layout_cave_pools, mainiacjoe_overflow_24_doors,
          nicolae_shop_firing_range

Skill      XL: |  1  2  3  4  5 |
---------------+----------------+-----
Axes           | 4 5 |  5.8
Fighting       | 4 5 |  5.2
Armour         | 3 4 |  4.2
Dodging        | |  2.6
Stealth        | |  0.6

Action                   |  1- 3 |  4- 6 || total
-------------------------+-------+-------++-------
Melee: Hand axe          |   116 |    44 ||   160
       Headbutt          |    13 |     8 ||    21
Invok: Trog's Hand       |       |     2 ||     2
       Berserk           |       |     1 ||     1
Armor: Ring mail         |    19 |       ||    19
       Plate armour      |    60 |    35 ||    95
Dodge: Dodged            |    35 |    18 ||    53
